General information
- name: BNet
- type: Ladder team game (AT/RT)
- host: Battle.net
- saver: WiG2016]PIGOUT
map: Highperch
- players: 6
- length: 68:55
- speed: Fast
- version: 1.27 W3XP
- replay type:

» download(386 KB)
Players
team 1 (winner)
badboybrianbolt (
green | 51 APM | 3542 actions | 68:54)
5 Warden
2 Shadow Strike
3 Blink
3 Pandaren Brewmaster
2 Breath of Fire
1 Drunken Haze
» actions
| Assign group hotkey | 32 | |
| Basic commands | 84 | |
| Build / train | 99 | |
| Enter build submenu | 26 | |
| Enter hero's abilities submenu | 8 | |
| Give item / drop item | 8 | |
| Right click | 1585 | |
| Select / deselect | 416 | |
| Select group hotkey | 958 | |
| Use ability | 322 | |
3542 total
» units
| Wisp | 18 | |
| Druid of the Talon | 25 | |
| Dryad | 13 | |
56 total
» upgrades
| Ultravision | 1 | |
| Well Spring | 1 | |
| Druid of the Talon Training | 2 | |
| Strength of the Wild | 3 | |
| Reinforced Hides | 3 | |
| Mark of the Talon | 1 | |
| Nature's Blessing | 1 | |
| Abolish Magic | 1 | |
13 total
» buildings
| Altar of Elders | 1 | |
| Moon Well | 22 | |
| Tree of Life | 1 | |
| Tree of Ages | 1 | |
| Hunter's Hall | 1 | |
| Tree of Eternity | 1 | |
| Ancient of Wind | 3 | |
| Ancient of Wonders | 1 | |
| Ancient of Lore | 1 | |
32 total
» build order
00:22 Altar of Elders
00:25 Moon Well
02:38 Moon Well
05:13 Moon Well
05:14 Moon Well
06:29 Tree of Life
06:31 Tree of Ages
06:33 Hunter's Hall
08:54 Tree of Eternity
08:56 Ancient of Wind
08:58 Ancient of Wonders
12:43 Moon Well
12:44 Moon Well
25:14 Ancient of Lore
25:38 Ancient of Wind
25:45 Moon Well
26:00 Ancient of Wind
29:17 Moon Well
29:22 Moon Well
29:25 Moon Well
29:28 Moon Well
29:29 Moon Well
29:32 Moon Well
29:33 Moon Well
29:34 Moon Well
29:37 Moon Well
29:42 Moon Well
32:41 Moon Well
32:42 Moon Well
32:43 Moon Well
39:41 Moon Well
41:14 Moon Well
» items
| Staff of Teleportation | 2 | |
| Boots of Speed | 1 | |
| Healing Salve | 1 | |
| Lesser Clarity Potion | 2 | |
| Orb of Venom | 1 | |
| Staff of Sanctuary | 2 | |
| Mechanical Critter | 5 | |
| Orb of Lightning | 1 | |
| Tiny Great Hall | 1 | |
16 total
iggy_the_fisk (
teal | 82 APM | 5656 actions | 68:54)
5 Archmage
3 Blizzard
2 Brilliance Aura
5 Goblin Tinker
3 Cluster Rockets
2 Engineering Upgrade
» actions
| Assign group hotkey | 438 | |
| Basic commands | 62 | |
| Build / train | 150 | |
| Enter build submenu | 105 | |
| Enter hero's abilities submenu | 11 | |
| Give item / drop item | 4 | |
| Remove unit from queue | 2 | |
| Right click | 2865 | |
| Select / deselect | 679 | |
| Select group hotkey | 966 | |
| Use ability | 373 | |
5656 total
» units
| Peasant | 16 | |
| Sorceress | 1 | |
| Priest | 1 | |
| Dragonhawk Rider | 19 | |
37 total
» upgrades
| Masonry | 3 | |
| Lumber Harvesting | 2 | |
| Magic Sentry | 1 | |
| Priest Training | 2 | |
| Sorceress Training | 2 | |
| Animal War Training | 1 | |
| Swords | 3 | |
| Armor | 3 | |
17 total
» buildings
| Altar of Kings | 1 | |
| Farm | 10 | |
| Lumber Mill | 1 | |
| Scout Tower | 103 | |
| Arcane Tower | 15 | |
| Guard Tower | 50 | |
| Keep | 1 | |
| Town Hall | 1 | |
| Castle | 1 | |
| Arcane Sanctum | 1 | |
| Arcane Vault | 2 | |
| Blacksmith | 1 | |
| Barracks | 1 | |
| Gryphon Aviary | 1 | |
189 total
» build order
00:04 Altar of Kings
00:36 Farm
01:04 Lumber Mill
01:14 Scout Tower
01:17 Scout Tower
01:21 Farm
01:41 Scout Tower
01:43 Arcane Tower
01:44 Scout Tower
01:47 Arcane Tower
02:11 Guard Tower
02:12 Scout Tower
02:15 Guard Tower
02:17 Scout Tower
02:43 Guard Tower
02:44 Scout Tower
02:47 Guard Tower
02:48 Scout Tower
03:09 Scout Tower
03:12 Scout Tower
03:39 Keep
04:04 Town Hall
04:27 Guard Tower
04:28 Scout Tower
04:29 Scout Tower
04:31 Guard Tower
04:33 Scout Tower
04:33 Scout Tower
06:03 Castle
06:08 Arcane Sanctum
06:13 Guard Tower
06:14 Scout Tower
06:15 Scout Tower
06:16 Guard Tower
06:18 Scout Tower
06:18 Scout Tower
06:19 Scout Tower
07:24 Guard Tower
07:25 Arcane Tower
07:26 Scout Tower
07:32 Scout Tower
07:37 Arcane Tower
07:37 Guard Tower
07:43 Guard Tower
07:45 Scout Tower
07:46 Scout Tower
07:46 Scout Tower
07:47 Scout Tower
08:49 Arcane Tower
08:55 Guard Tower
08:57 Scout Tower
08:58 Scout Tower
08:59 Scout Tower
08:59 Scout Tower
09:02 Scout Tower
09:03 Scout Tower
09:03 Scout Tower
09:04 Scout Tower
09:04 Scout Tower
09:05 Scout Tower
09:13 Guard Tower
09:16 Arcane Vault
09:18 Arcane Vault
09:55 Guard Tower
09:58 Guard Tower
10:20 Scout Tower
10:20 Scout Tower
10:21 Scout Tower
10:41 Arcane Tower
11:25 Guard Tower
11:36 Guard Tower
12:10 Guard Tower
12:12 Scout Tower
12:13 Scout Tower
12:44 Guard Tower
12:45 Scout Tower
12:46 Scout Tower
12:46 Scout Tower
12:58 Scout Tower
13:02 Guard Tower
13:05 Scout Tower
13:05 Scout Tower
13:07 Scout Tower
13:11 Scout Tower
13:12 Scout Tower
13:13 Scout Tower
13:14 Scout Tower
13:17 Scout Tower
13:17 Scout Tower
13:18 Scout Tower
13:44 Guard Tower
14:09 Guard Tower
14:15 Guard Tower
14:29 Guard Tower
14:32 Scout Tower
14:33 Scout Tower
14:36 Blacksmith
14:37 Barracks
14:38 Gryphon Aviary
14:46 Guard Tower
15:14 Scout Tower
15:35 Guard Tower
15:36 Scout Tower
16:06 Guard Tower
16:18 Scout Tower
16:20 Scout Tower
16:37 Scout Tower
16:38 Scout Tower
16:41 Guard Tower
17:30 Guard Tower
18:33 Farm
18:35 Farm
18:35 Farm
18:36 Farm
18:37 Farm
18:38 Farm
21:33 Scout Tower
21:34 Scout Tower
21:34 Scout Tower
21:35 Scout Tower
22:10 Guard Tower
22:23 Farm
22:25 Farm
25:09 Scout Tower
25:12 Scout Tower
25:14 Scout Tower
26:30 Guard Tower
26:31 Scout Tower
26:33 Scout Tower
26:34 Scout Tower
26:35 Scout Tower
27:50 Guard Tower
27:51 Scout Tower
28:06 Guard Tower
28:08 Scout Tower
28:10 Scout Tower
28:11 Scout Tower
28:27 Guard Tower
28:36 Scout Tower
28:37 Scout Tower
29:11 Guard Tower
29:19 Scout Tower
29:21 Scout Tower
29:22 Scout Tower
29:29 Scout Tower
29:38 Guard Tower
29:38 Guard Tower
29:38 Guard Tower
29:39 Guard Tower
29:41 Scout Tower
29:43 Scout Tower
30:12 Guard Tower
30:14 Guard Tower
30:14 Guard Tower
30:20 Scout Tower
30:23 Scout Tower
30:24 Scout Tower
30:25 Scout Tower
31:04 Guard Tower
31:07 Guard Tower
31:14 Scout Tower
31:22 Scout Tower
31:26 Guard Tower
31:27 Arcane Tower
31:39 Scout Tower
31:41 Scout Tower
31:43 Scout Tower
31:48 Arcane Tower
32:12 Scout Tower
32:14 Scout Tower
32:30 Arcane Tower
32:34 Scout Tower
32:38 Arcane Tower
32:39 Guard Tower
32:42 Arcane Tower
32:47 Scout Tower
33:01 Arcane Tower
33:05 Guard Tower
33:10 Scout Tower
33:38 Arcane Tower
33:43 Guard Tower
34:02 Arcane Tower
34:03 Arcane Tower
34:10 Scout Tower
34:21 Scout Tower
34:24 Scout Tower
34:51 Guard Tower
35:08 Scout Tower
36:06 Guard Tower
» items
| Healing Salve | 3 | |
| Lesser Clarity Potion | 1 | |
| Scroll of Speed | 1 | |
| Boots of Speed | 2 | |
| Staff of Teleportation | 2 | |
| Orb of Lightning | 2 | |
| Circlet of Nobility | 1 | |
| Staff of Sanctuary | 2 | |
| Scroll of Town Portal | 1 | |
15 total
WiG2016]PIGOUT (
red | 85 APM | 5877 actions | 68:55)
6 Blademaster
3 Wind Walk
2 Critical Strike
1 Bladestorm
» actions
| Assign group hotkey | 16 | |
| Basic commands | 69 | |
| Build / train | 69 | |
| Enter build submenu | 41 | |
| Enter hero's abilities submenu | 6 | |
| Give item / drop item | 9 | |
| Remove unit from queue | 2 | |
| Right click | 4450 | |
| Select / deselect | 583 | |
| Select group hotkey | 332 | |
| Use ability | 298 | |
5877 total
» units
| Peon | 10 | |
| Troll Batrider | 21 | |
| Wind Rider | 7 | |
38 total
» upgrades
| Ranged Weapons | 3 | |
| Liquid Fire | 1 | |
| Armor | 3 | |
| Reinforced Defenses | 1 | |
| Ensnare | 0 | |
| Envenomed Spears | 1 | |
9 total
» buildings
| Altar of Storms | 1 | |
| Orc Burrow | 8 | |
| War Mill | 1 | |
| Voodoo Lounge | 4 | |
| Watch Tower | 24 | |
| Stronghold | 2 | |
| Beastiary | 2 | |
| Fortress | 3 | |
45 total
» build order
00:06 Altar of Storms
00:18 Orc Burrow
00:54 War Mill
01:08 Voodoo Lounge
02:07 Watch Tower
02:14 Watch Tower
02:24 Voodoo Lounge
02:39 Voodoo Lounge
02:43 Voodoo Lounge
03:12 Watch Tower
03:31 Watch Tower
03:34 Stronghold
03:35 Stronghold
04:16 Watch Tower
04:28 Watch Tower
04:43 Orc Burrow
04:46 Orc Burrow
05:14 Watch Tower
05:14 Watch Tower
05:30 Watch Tower
06:01 Beastiary
06:23 Beastiary
06:38 Orc Burrow
07:19 Watch Tower
07:20 Watch Tower
07:58 Fortress
07:59 Fortress
07:59 Fortress
08:51 Watch Tower
08:52 Watch Tower
09:54 Watch Tower
11:04 Watch Tower
18:33 Orc Burrow
18:33 Orc Burrow
22:51 Orc Burrow
24:54 Orc Burrow
25:00 Watch Tower
25:02 Watch Tower
25:04 Watch Tower
26:00 Watch Tower
26:42 Watch Tower
26:46 Watch Tower
27:57 Watch Tower
27:58 Watch Tower
27:59 Watch Tower
» items
| Boots of Speed | 1 | |
| Staff of Teleportation | 1 | |
| Healing Salve | 1 | |
| Lesser Clarity Potion | 2 | |
| Orb of Lightning | 1 | |
| Scroll of Town Portal | 1 | |
7 total
team 2 (loser)
Fledermaus300 (
blue | 62 APM | 4154 actions | 67:26)
3 Pandaren Brewmaster
2 Breath of Fire
1 Drunken Brawler
2 Keeper of the Grove
1 Entangling Roots
1 Thorns Aura
1 Priestess of the Moon
1 Trueshot Aura
» actions
| Assign group hotkey | 1041 | |
| Basic commands | 3 | |
| Build / train | 90 | |
| Enter build submenu | 16 | |
| Enter hero's abilities submenu | 6 | |
| Give item / drop item | 1 | |
| Remove unit from queue | 3 | |
| Right click | 1761 | |
| Select / deselect | 446 | |
| Select group hotkey | 689 | |
| Use ability | 98 | |
4154 total
» units
| Wisp | 15 | |
| Archer | 11 | |
| Glaive Thrower | 7 | |
| Druid of the Claw | 7 | |
| Huntress | 5 | |
| Hippogryph | 17 | |
62 total
» upgrades
| Ultravision | 1 | |
| Strength of the Wild | 3 | |
| Druid of the Claw Training | 2 | |
| Abolish Magic | 1 | |
| Reinforced Hides | 3 | |
| Mark of the Claw | 1 | |
| Sentinel | 1 | |
12 total
» buildings
| Altar of Elders | 1 | |
| Moon Well | 8 | |
| Ancient of War | 1 | |
| Hunter's Hall | 1 | |
| Tree of Ages | 1 | |
| Ancient of Lore | 2 | |
| Ancient of Wonders | 1 | |
| Tree of Eternity | 1 | |
| Ancient of Wind | 1 | |
17 total
» build order
00:07 Altar of Elders
00:10 Moon Well
00:23 Ancient of War
01:41 Moon Well
02:31 Hunter's Hall
03:30 Tree of Ages
03:51 Moon Well
06:25 Moon Well
06:50 Ancient of Lore
07:53 Ancient of Lore
10:11 Moon Well
10:18 Ancient of Wonders
11:20 Moon Well
12:51 Tree of Eternity
14:54 Moon Well
15:48 Moon Well
46:11 Ancient of Wind
Harvey-Specter (
purple | 30 APM | 2043 actions | 67:27)
3 Death Knight
2 Death Coil
1 Unholy Aura
2 Lich
1 Frost Nova
1 Frost Armor
» actions
| Assign group hotkey | 16 | |
| Build / train | 59 | |
| Enter build submenu | 24 | |
| Enter hero's abilities submenu | 5 | |
| Right click | 1015 | |
| Select / deselect | 421 | |
| Select group hotkey | 428 | |
| Use ability | 75 | |
2043 total
» units
| Acolyte | 9 | |
| Ghoul | 6 | |
| Crypt Fiend | 6 | |
| Frost Wyrm | 6 | |
| Gargoyle | 1 | |
| Meatwagon | 1 | |
| Obsidian Statue | 3 | |
32 total
» upgrades
| Creature Carapace | 3 | |
| Creature Attack | 3 | |
| Web | 1 | |
| Freezing Breath | 1 | |
| Unholy Strength | 1 | |
| Unholy Armor | 1 | |
10 total
» buildings
| Altar of Darkness | 1 | |
| Crypt | 1 | |
| Ziggurat | 10 | |
| Graveyard | 1 | |
| Tomb of Relics | 1 | |
| Halls of the Dead | 1 | |
| Sacrificial Pit | 1 | |
| Black Citadel | 1 | |
| Boneyard | 2 | |
| Nerubian Tower | 2 | |
| Slaughterhouse | 1 | |
| Spirit Tower | 3 | |
25 total
» build order
00:08 Altar of Darkness
00:16 Crypt
00:26 Ziggurat
01:02 Graveyard
02:01 Ziggurat
02:25 Tomb of Relics
03:35 Halls of the Dead
05:14 Ziggurat
05:18 Ziggurat
06:23 Sacrificial Pit
09:02 Black Citadel
09:12 Ziggurat
10:12 Ziggurat
11:25 Boneyard
11:29 Boneyard
13:21 Nerubian Tower
15:38 Ziggurat
15:42 Ziggurat
16:28 Ziggurat
16:46 Nerubian Tower
20:26 Slaughterhouse
23:42 Spirit Tower
23:43 Spirit Tower
23:45 Spirit Tower
26:51 Ziggurat
» items
| Dust of Appearance | 2 | |
| Rod of Necromancy | 1 | |
3 total
Ric212 (
yellow | 33 APM | 2257 actions | 68:53)
2 Archmage
1 Summon Water Elemental
1 Brilliance Aura
1 Mountain King
1 Storm Bolt
» actions
| Assign group hotkey | 1 | |
| Basic commands | 21 | |
| Build / train | 85 | |
| Enter build submenu | 26 | |
| Enter hero's abilities submenu | 3 | |
| Remove unit from queue | 1 | |
| Right click | 1608 | |
| Select / deselect | 457 | |
| Select group hotkey | 1 | |
| Use ability | 54 | |
2257 total
» units
| Peasant | 27 | |
| Footman | 6 | |
| Priest | 4 | |
| Gryphon Rider | 9 | |
| Knight | 4 | |
| Mortar Team | 6 | |
56 total
» upgrades
| Swords | 3 | |
| Plating | 3 | |
| Lumber Harvesting | 2 | |
| Masonry | 2 | |
| Armor | 2 | |
| Storm Hammers | 1 | |
| Animal War Training | 1 | |
| Gunpowder | 2 | |
| Fragmentation Shards | 1 | |
| Flare | 1 | |
| Priest Training | 1 | |
19 total
» buildings
| Farm | 13 | |
| Altar of Kings | 1 | |
| Barracks | 1 | |
| Blacksmith | 1 | |
| Lumber Mill | 1 | |
| Keep | 1 | |
| Scout Tower | 2 | |
| Town Hall | 1 | |
| Arcane Tower | 2 | |
| Castle | 1 | |
| Arcane Sanctum | 1 | |
| Gryphon Aviary | 2 | |
| Workshop | 2 | |
29 total
» build order
00:25 Farm
00:42 Altar of Kings
00:53 Barracks
01:02 Farm
01:41 Farm
02:29 Blacksmith
02:45 Lumber Mill
03:34 Keep
03:57 Scout Tower
04:44 Town Hall
05:13 Arcane Tower
07:28 Farm
07:52 Farm
09:04 Castle
09:58 Farm
10:20 Arcane Sanctum
10:25 Gryphon Aviary
10:29 Gryphon Aviary
10:38 Farm
10:57 Farm
11:20 Farm
14:36 Farm
15:53 Farm
16:20 Scout Tower
16:41 Farm
16:58 Arcane Tower
18:47 Farm
20:19 Workshop
20:24 Workshop
Chat log
(00:57 / All) badboybrianbolt: Hey All Where From?
(01:24 / All) badboybrianbolt: hey where form?
(01:25 / All) badboybrianbolt: he
(01:27 / All) iggy_the_fisk: Bad. Boy. Pause
(01:28 / All) iggy_the_fisk: He don't care
(01:39 / All) badboybrianbolt: My dad is bobby bolt
(16:42 / All) WiG2016]PIGOUT: hey guys
(16:43 / All) WiG2016]PIGOUT: how are u?
(18:39 / All) WiG2016]PIGOUT: hey guys ger?
(19:19 / All) iggy_the_fisk: bad idea
(19:26 / All) iggy_the_fisk: don't do tat again
(25:44 / All) WiG2016]PIGOUT: noob
(27:21 / All) WiG2016]PIGOUT: gold me
(28:40 / All) badboybrianbolt: fuck u idiots
(28:43 / All) badboybrianbolt: pusssy siege boyus
(28:48 / All) WiG2016]PIGOUT: damnn my teammate killed my hero
(31:25 / All) WiG2016]PIGOUT: gg
(31:44 / All) badboybrianbolt: idiot moron lamers fuCK YOU
(32:56 / All) badboybrianbolt: idiot FUCKERS!
(34:18 / All) WiG2016]PIGOUT: eng?
(35:40 / All) badboybrianbolt: idiots fuck YOU
(35:45 / All) WiG2016]PIGOUT: badboys
(35:50 / All) WiG2016]PIGOUT: badboys forefer
(36:36 / All) WiG2016]PIGOUT: bears imbalanced
(36:37 / All) WiG2016]PIGOUT: gg
(36:45 / All) iggy_the_fisk: 1.27b please
(37:55 / All) WiG2016]PIGOUT: Hey can you tell us how you won?
(38:02 / Allies) WiG2016]PIGOUT: We always lose on this m ap...
(38:07 / All) WiG2016]PIGOUT: We always lost on this map...
(38:09 / All) badboybrianbolt: FUCK YOu!!
(38:10 / All) badboybrianbolt: eat shit u turdS!
(38:15 / All) badboybrianbolt: where u bad boys from
(38:21 / All) WiG2016]PIGOUT: sorry for rude friend .What's your strat?
(38:54 / All) badboybrianbolt: fuck U!
(39:04 / All) iggy_the_fisk: mein fledermaus sind kaputt können sie mich hielfen bisse
(40:45 / All) badboybrianbolt: wait
(40:46 / All) badboybrianbolt: wauit
(40:46 / All) badboybrianbolt: wait
(40:48 / All) badboybrianbolt: wait
(40:48 / All) WiG2016]PIGOUT: stoppppppp
(40:49 / All) badboybrianbolt: wait
(40:54 / All) badboybrianbolt: wtF??
(40:59 / All) badboybrianbolt: me....my....
(41:26 / All) badboybrianbolt: FUCK U
(42:33 / All) WiG2016]PIGOUT: WElcome to highperch(6).w3x
(45:07 / All) badboybrianbolt: u guys bad?
(45:37 / All) badboybrianbolt: pause please
(45:39 / All) badboybrianbolt: pause
(45:40 / All) badboybrianbolt: pause
(45:42 / All) badboybrianbolt: pause
(45:44 / All) badboybrianbolt: pause
(45:44 / All) WiG2016]PIGOUT: can you pause? opuizza guy is here
(45:45 / All) badboybrianbolt: pause
(45:46 / All) badboybrianbolt: pause
(45:47 / All) badboybrianbolt: pause
(45:47 / All) badboybrianbolt: pause
(45:48 / All) badboybrianbolt: pause
(45:49 / All) badboybrianbolt: pause
(45:50 / All) badboybrianbolt: pasue
(45:51 / All) badboybrianbolt: pause
(47:10 / All) badboybrianbolt: Kill Bears
(47:11 / All) badboybrianbolt: Kill
(47:13 / All) badboybrianbolt: bedars
(47:15 / All) badboybrianbolt: kill bears
(47:17 / All) badboybrianbolt: kill bears
(47:19 / All) iggy_the_fisk: also huntress
(47:19 / All) badboybrianbolt: all bears must die
(47:21 / All) badboybrianbolt: die bear
(47:22 / All) badboybrianbolt: die
(47:22 / All) badboybrianbolt: die
(47:23 / All) badboybrianbolt: die
(47:23 / All) WiG2016]PIGOUT: also knight
(47:29 / All) badboybrianbolt: kill your own unit MORONS!!!!
(47:29 / All) WiG2016]PIGOUT: & all mortar teamb
(47:34 / All) badboybrianbolt: do my WORK for me!!!
(47:36 / All) WiG2016]PIGOUT: more bears
(47:37 / All) WiG2016]PIGOUT: please
(47:43 / All) iggy_the_fisk: die, die die, my bearling
(47:59 / All) badboybrianbolt: when is undead unsummon coming
(47:59 / All) WiG2016]PIGOUT: you guys have mumble?
(48:01 / All) badboybrianbolt: that's my favorite part
(48:03 / All) WiG2016]PIGOUT: come on mumble.gobiner.net
(48:29 / All) badboybrianbolt: you can kill trees with mortars
(53:28 / All) badboybrianbolt: pause
(53:32 / All) badboybrianbolt: ty
(53:33 / All) badboybrianbolt: brb
(53:37 / All) badboybrianbolt: ty
(53:46 / All) badboybrianbolt: please i have to release poop
(55:29 / All) badboybrianbolt: pause
(55:44 / All) iggy_the_fisk: do you need more lumber
(55:45 / All) badboybrianbolt: undead unsummon expansion please
(55:51 / All) badboybrianbolt: go into no upkeep first or you lose gold
(56:02 / All) iggy_the_fisk: your spiders are useless
(56:03 / All) badboybrianbolt: kill fiends and ghouls and probably heroes too
(56:06 / All) iggy_the_fisk: mortars, also useless
(56:09 / All) iggy_the_fisk: bears, useless
(56:39 / All) iggy_the_fisk: that knight, the mayor of dumptown
(56:42 / All) iggy_the_fisk: throw him in the bin
(56:46 / All) badboybrianbolt: lord dumplord
(56:57 / All) badboybrianbolt: i talk a dump on u
(57:12 / All) WiG2016]PIGOUT: lol
(57:38 / All) iggy_the_fisk: he's not doing you any good there other than signing routine zoning regulations for a pile of dump
(57:49 / All) iggy_the_fisk: Kill. That. Knight.
(58:11 / All) iggy_the_fisk: deal: I will kill 2 dragon hawks (good unit) if you kill 1 knight (non-factor)
(58:17 / All) badboybrianbolt: are you guys bad at warcraft III?
(58:27 / All) badboybrianbolt: first time highperch??
(58:27 / All) iggy_the_fisk: here are the dragon hawks
(58:32 / All) iggy_the_fisk: 2 of them
(58:34 / All) iggy_the_fisk: can you see?
(58:41 / All) iggy_the_fisk: yes you see
(58:44 / All) iggy_the_fisk: now kill that knight
(58:50 / All) iggy_the_fisk: and these dragonhawk riders will also die
(59:13 / All) iggy_the_fisk: it's a very good trade for you
(59:22 / All) iggy_the_fisk: that knight can no longer have any impact on the game
(59:33 / All) iggy_the_fisk: but these elfs on hawks are a great anti-air unit
(59:36 / All) iggy_the_fisk: so just kill the knight
(59:40 / All) iggy_the_fisk: and your position improves
(59:53 / All) iggy_the_fisk: it would take the google computer not 1 nano second to make that decision
(60:01 / All) WiG2016]PIGOUT: I request a parley
(60:10 / All) iggy_the_fisk: nope
(60:14 / All) WiG2016]PIGOUT: Who from your side will meet to discuss terms
(60:16 / All) iggy_the_fisk: knight dies first
(60:30 / All) iggy_the_fisk: see?
(60:36 / All) iggy_the_fisk: the dragonhawk rider is a great unit
(60:42 / All) iggy_the_fisk: what can your knight do?
(60:48 / All) iggy_the_fisk: can it cast aerial shackles?
(60:49 / All) iggy_the_fisk: Nope
(60:59 / All) iggy_the_fisk: so kill the knight
(61:04 / All) badboybrianbolt: how do u get knight up here
(61:26 / All) iggy_the_fisk: give me 1 reason why you shouldn't kill the knight or forever hold your peace
(61:44 / All) badboybrianbolt: PAUSe?
(61:53 / All) badboybrianbolt: i ran out of Pause
(61:54 / All) badboybrianbolt: ty
(62:03 / All) iggy_the_fisk: Look!
(62:15 / All) iggy_the_fisk: see how good that is?
(62:24 / All) iggy_the_fisk: infinity times better than a knight
(63:54 / All) badboybrianbolt: PLEASE UNSUMMON
(64:01 / All) iggy_the_fisk: you cant do that
(64:05 / All) iggy_the_fisk: because of hawks
(64:06 / All) iggy_the_fisk: See?
(64:21 / All) iggy_the_fisk: do you know which hawk casted that shackle?
(64:27 / All) iggy_the_fisk: it was one of the 2 hawks that would have been dead
(64:29 / All) iggy_the_fisk: If you killed the knight
(64:38 / All) iggy_the_fisk: check the replay, I used that exact hawk
(64:45 / All) iggy_the_fisk: here they areagain
(64:50 / All) iggy_the_fisk: SEE??
(64:55 / All) iggy_the_fisk: KILL THE KNIGHT
(65:10 / All) iggy_the_fisk: this will continue to happen until you kill the knight
(65:51 / All) iggy_the_fisk: those mortars aren't going to get you up this hill
(65:55 / All) iggy_the_fisk: Only air superiority will help
(66:05 / All) iggy_the_fisk: this means killing our air army... but how???
(66:11 / All) WiG2016]PIGOUT: "Mabey we can grind the mountains down dad" says yellow to his dad, blue
(66:13 / All) iggy_the_fisk: If only there was a way to kill 2 dragon hawks immediately
(67:10 / All) badboybrianbolt: GG'
(67:14 / All) WiG2016]PIGOUT: lol
(67:20 / All) iggy_the_fisk: what good did your knight do there?
(67:26 / All) WiG2016]PIGOUT: https://highper.ch/